 Dungeon Crawl Stone Soup version 0.26-a0-771-g060e6a62af (webtiles) character file.

Game seed: 4712290915025935502

63 Peloso the Covered (level 3, 29/29 HPs)
             Began as a Minotaur Fighter on Nov 8, 2020.
             Got out of the dungeon alive.
             The game lasted 00:03:33 (1795 turns).

Peloso the Covered (Minotaur Fighter)               Turns: 1795, Time: 00:03:33

Health: 29/29      AC:  9    Str: 20    XL:     3   Next: 87%
Magic:  2/2        EV:  5    Int:  7    God:
Gold:   145        SH:  9    Dex: 12    Spells: 2/2 levels left

rFire    . . .     SeeInvis .   a - +0 long sword
rCold    . . .     Faith    .   c - +0 kite shield
rNeg     . . .     Spirit   .   g - +0 chain mail
rPois    .         Reflect  .   (helmet restricted)
rElec    .         Harm     .   (no cloak)
rCorr    .         Rampage  .   (no gloves)
MR       .....     Clarity  +   (no boots)
Stlth    ..........             (no amulet)
HPRegen  0.49/turn              (no ring)
MPRegen  0.08/turn              (no ring)

@: no status effects
A: retaliatory headbutt, horns 2, agile 1, clarity, clever 1, frail 1,
regeneration 1, evolution 1
a: no special abilities


You escaped.
You visited 1 branch of the dungeon, and saw 3 of its levels.

You collected 145 gold pieces.

Inventory:

Hand Weapons
 a - a +0 long sword (weapon)
Armour
 b - a +0 scale mail
 c - a +0 kite shield (worn)
 g - a +0 chain mail (worn)
Scrolls
 f - a scroll of fear
 i - 3 scrolls of magic mapping
 j - a scroll of noise
 l - 2 scrolls of enchant armour
 m - a scroll of remove curse
Potions
 d - a potion of might


   Skills:
 + Level 3.9 Fighting
 + Level 3.3 Long Blades
 + Level 4.4 Armour
 + Level 4.4 Shields


You had 2 spell levels left.
You didn't know any spells.
Your spell library was empty.

Dungeon Overview and Level Annotations

Branches:
Dungeon (3/15)

Altars:


Innate Abilities, Weirdness & Mutations

You reflexively headbutt those who attack you in melee.
You have a pair of horns on your head.
You are agile. (Dex +2)
You possess an exceptional clarity of mind.
Your mind is acute. (Int +2)
You are frail. (-10% HP)
Your natural rate of healing is unusually fast.
You evolve.


Message History

(D) Dungeon
Where to? (Enter - D:12, ? - help)
What level of the Dungeon? (default 1, ? - help)
Things that are here:
a +0 scale mail; a +0 mace You see here a +0 dagger.
You see here a quokka corpse.
There is a stone staircase leading up here.
You climb upwards.
There is a stone staircase leading down here.
There is an open door here.
There is a stone staircase leading up here.
You climb upwards.
There is a stone staircase leading down here.
You see here a +0 club.
You open the door.
There is an open door here.
There is a staircase leading out of the dungeon here.
Are you sure you want to leave the Dungeon?
This will make you lose the game!
You have escaped!

##..### ##.#### #..##
#....######## #.# #.##
#...........####.# #.#
####...##+#+##.#.## #.#
#...#.....#.#..#####.# #######
#...'.....#.##.##....#
##.....####..#..8..#.##..#.#.##
#.......####.'.....#.###...#.#
.........# #.#..@..#...#..##.#
.........# #.#######.#.....#.###
.........# ####.# #####.......##
.........# #.# ####.#.......
...^...).## #.### #....#.....##
..........#####...###.####.#....#
................#.....# #†####.#
.........######.#.....####..###..
.........# #.......##...)....#


There were no monsters in sight!

Vanquished Creatures
  2 adders (D:2)
  A leopard gecko (D:2)
  2 orcs (D:3)
  3 bats (D:2)
  A giant cockroach (D:1)
  9 goblins
  3 hobgoblins
  3 jackals (D:2)
  2 quokkas
  A ball python (D:2)
  7 frilled lizards
  A kobold (D:1)
  7 rats
42 creatures vanquished.

Notes
Turn   | Place    | Note
-------+----------+-------------------------------------------
     0 | D:1      | Peloso the Minotaur Fighter began the quest for the Orb.
     0 | D:1      | Reached XP level 1. HP: 19/19 MP: 0/0
   173 | D:1      | You fall into a shaft and drop 1 floor!
   304 | D:2      | Reached XP level 2. HP: 26/27 MP: 1/1
   446 | D:2      | Reached XP level 3. HP: 31/33 MP: 2/2
  1138 | D:2      | Gained mutation: Your mind is acute. (Int +2) [potion of
                  | mutation]
  1138 | D:2      | Gained mutation: Your natural rate of healing is unusually
                  | fast. [potion of mutation]
  1138 | D:2      | Gained mutation: You are resistant to electric shocks.
                  | (rElec) [potion of mutation]
  1138 | D:2      | Gained mutation: You evolve. [potion of mutation]
  1283 | D:1      | Gained mutation: You have a somewhat thin skeletal
                  | structure. (Dex +2, Stealth) [evolution]
  1681 | D:3      | Lost mutation: You have a somewhat thin skeletal structure.
                  | (Dex +2, Stealth) [potion of mutation]
  1681 | D:3      | Lost mutation: You are resistant to electric shocks.
                  | (rElec) [potion of mutation]
  1681 | D:3      | Gained mutation: You are frail. (-10% HP) [potion of
                  | mutation]
  1681 | D:3      | Gained mutation: You are agile. (Dex +2) [potion of
                  | mutation]
  1681 | D:3      | Gained mutation: You possess an exceptional clarity of
                  | mind. [potion of mutation]
  1795 | D:$      | Got out of the dungeon alive.

Illustrated notes

Levels and vault maps discovered:
D:1:      minmay_arrival_solitary_statue, layout_rooms
D:2:      layout_basic
D:3:      layout_loops_cross, kennysheep_jessica_study, uniq_natasha

Skill      XL: |  1  2  3 |
---------------+----------+-----
Armour         | 4 |  4.4
Shields        | 4 |  4.4
Long Blades    | 3 |  3.3
Fighting       | |  3.9

Action                   || total
-------------------------++-------
Melee: Long sword        ||    96
       Headbutt          ||    13
  Use: Scroll            ||     7
       Potion            ||     4
Armor: Chain mail        ||    51
       Scale mail        ||     4
Dodge: Dodged            ||    26
Block: Kite shield       ||    54
       Rpst.: Long sword ||    10

Table legend: (Time is in decaauts)
 A = Elapsed time spent in this place.
 B = Non-inter-level travel time spent in this place.
 C = Inter-level travel time spent in this place.
 D = Time resting spent in this place.
 E = Time spent auto-exploring this place.
 F = Levels seen in this place.
 G = Mean time per level.
                   A        B        C        D        E       F      G
               +--------+--------+--------+--------+--------+-----+--------+
         Total |   1829 |   1650 |    179 |      0 |   1308 |   3 |  609.7 |
       Dungeon |   1829 |   1650 |    179 |      0 |   1308 |   3 |  609.7 |
               +--------+--------+--------+--------+--------+-----+--------+

Top non-repeatable levels by time:
     D:2: 1038 daAuts
     D:1: 597 daAuts
     D:3: 193 daAuts
